 Dungeon Crawl Stone Soup version 0.26-a0-958-gf3041fb45f (webtiles) character file.

Game seed: 2128516053635013413

556 miscthings the Chiller (level 7, -4/46 HPs)
             Began as a Mummy Ice Elementalist on Dec 1, 2020.
             Slain by a wight
             ... wielding a +3 falchion of freezing
              (7 damage)
             ... on level 6 of the Dungeon.
             The game lasted 00:09:15 (3627 turns).

miscthings the Chiller (Mummy Ice Elementalist)     Turns: 3627, Time: 00:09:16

Health: -4/46      AC:  2    Str: 12    XL:     7   Next: 8%
Magic:  0/14       EV: 16    Int: 16    God:
Gold:   20         SH:  0    Dex: 12    Spells: 5/16 levels left

rFire    x x .     SeeInvis .   d - +0 dagger
rCold    + + .     Faith    .   (no shield)
rNeg     + + +     Spirit   .   a - +0 robe
rPois    ∞         Reflect  .   (no helmet)
rElec    .         Harm     .   (no cloak)
rCorr    .         Rampage  .   (no gloves)
MR       .....                  (no boots)
Stlth    ++........             (no amulet)
HPRegen  0.15/turn              l - ring of ice
MPRegen  0.14/turn              h - +4 ring of evasion

@: very slightly contaminated
A: no potions, fire vulnerability, cold resistance 1, negative energy resistance
3, torment resistance, unbreathing
a: no special abilities


You were on level 6 of the Dungeon.
You visited 1 branch of the dungeon, and saw 6 of its levels.

You collected 270 gold pieces.
You spent 250 gold pieces at shops.

Inventory:

Hand Weapons
 d - a +0 dagger (weapon)
Armour
 a - a +0 robe (worn)
Jewellery
 h - a +4 ring of evasion (right hand)
 l - a ring of ice (left hand)
Wands
 g - a wand of polymorph (6)
Scrolls
 b - 2 scrolls of immolation
 c - 2 scrolls of teleportation
 f - a scroll of magic mapping
 i - a scroll of remove curse {unknown}
 j - 2 scrolls of identify {@r1}
 k - a scroll of fear {unknown}


   Skills:
 - Level 1.5 Dodging
 - Level 1.5 Stealth
 - Level 5.0 Spellcasting
 * Level 3.2 Summonings
 + Level 5.4 Ice Magic


You had 5 spell levels left.
You knew the following spells:

 Your Spells              Type           Power        Failure   Level
a - Frozen Ramparts       Ice            ####..       4%          3
b - Freeze                Ice            ####         1%          1
d - Summon Ice Beast      Ice/Summ       ####....     26%         4
e - Ozocubu's Armour      Ice            ####....     4%          3

Your spell library contained the following spells:

 Spells                   Type           Power        Failure   Level
 Hailstorm                Conj/Ice       ###.....     45%         4


Dungeon Overview and Level Annotations

Branches:
Dungeon (6/15)
 Temple: D:4-7

Altars:
Nemelex Xobeh
Trog

Shops:
D:5 =


Innate Abilities, Weirdness & Mutations

You do not drink.
Your flesh is vulnerable to fire.
You are immune to poison.
Your flesh is cold resistant. (rC+)
You are immune to negative energy. (rN+++)
You are immune to unholy pain and torment.
You can survive without breathing.


Message History

The wight hits you with a +3 falchion of freezing!
* * * LOW HITPOINT WARNING * * *
You hit the wight but do no damage.
The wight is almost destroyed.
The wight misses you.
You barely miss the wight.
The wight is almost destroyed.
The wight hits you with a +3 falchion of freezing!
* * * LOW HITPOINT WARNING * * *
The wight freezes you.
* * * LOW HITPOINT WARNING * * *
Casting: Summon Ice Beast (quite dangerous; 26% risk of failure)
Confirm with . or Enter, or press ? or * to list all spells.
Aiming: Freeze (safe; 1% risk of failure)
Press: ? - help, Shift-Dir - straight line, f - wight
Aim: a wight, wielding a +3 falchion of freezing and wearing a +1 robe of the Archmagi (almost destroyed)
You feel a surge of power!
The wight resists.
You freeze the wight.
The wight is almost destroyed.
The wight hits you with a +3 falchion of freezing!
You die...

#.#
#)#
#.#
#.#
#.#
#.#
#.#
#z#
#@#
#.#
#.#
#<#
###


You could see a wight.

Vanquished Creatures
  2 ogres
  A wight (D:6)
  A howler monkey (D:5)
  3 orc priests
  An iguana (D:5)
  A worker ant (D:4)
  A howler monkey skeleton (D:5)
  5 adders
  An adder zombie (D:5)
  2 worms (D:2)
  5 dart slugs
  2 leopard geckos
  7 orcs
  2 giant cockroaches (D:1)
  13 goblins
  9 hobgoblins
  6 jackals
  9 kobolds
  A quokka (D:5)
  10 bats
  4 frilled lizards
  5 rats
91 creatures vanquished.

Vanquished Creatures (collateral kills)
  A centaur zombie (D:5)
  A bullfrog zombie (D:5)
  A worm (D:5)
3 creatures vanquished.

Grand Total: 94 creatures vanquished

Notes
Turn   | Place    | Note
-------+----------+-------------------------------------------
     0 | D:1      | miscthings the Mummy Ice Elementalist began the quest for
                  | the Orb.
     0 | D:1      | Reached XP level 1. HP: 13/13 MP: 4/4
   343 | D:1      | Reached XP level 2. HP: 19/19 MP: 0/5
   826 | D:1      | Reached XP level 3. HP: 24/24 MP: 5/7
   830 | D:1      | Learned a level 3 spell: Frozen Ramparts
  1163 | D:2      | Found a faded altar of an unknown god.
  1782 | D:3      | Reached XP level 4. HP: 24/30 MP: 5/9
  1853 | D:3      | Noticed an ogre
  1885 | D:3      | Killed an ogre
  1886 | D:3      | Reached XP level 5. HP: 35/35 MP: 0/12
  2000 | D:3      | Reached skill level 5 in Spellcasting
  2018 | D:3      | Learned a level 4 spell: Summon Ice Beast
  2079 | D:3      | Reached skill level 1 in Summonings
  2169 | D:3      | Found a sparkling altar of Nemelex Xobeh.
  2515 | D:4      | Reached skill level 5 in Ice Magic
  2515 | D:4      | Reached XP level 6. HP: 36/41 MP: 8/13
  2539 | D:5      | Entered Level 5 of the Dungeon
  2697 | D:5      | Learned a level 3 spell: Ozocubu's Armour
  3210 | D:5      | Reached XP level 7. HP: 38/46 MP: 10/14
  3359 | D:5      | Found Hithyuzi's Jewellery Emporium.
  3473 | D:5      | Found a bloodstained altar of Trog.
  3530 | D:5      | Bought an uncursed ring of ice for 250 gold pieces
  3627 | D:6      | Slain by a wight

Illustrated notes

Levels and vault maps discovered:
D:1:      dpeg_arrival_shelter, layout_loops_ring, patterned_corridor
D:2:      layout_loops_ring, chequers_ecumenical_altar_twisty
D:3:      layout_basic, lemuel_doored_altar
D:4:      layout_loops_ring
D:5:      layout_cave_pools, serial_shops, nicolae_shop_crystal,
          roderic_serpentine_path, bloody_trog
D:6:      kennysheep_six_static_rooms, layout_basic, lightli_sewer_entry_pipes,
          serial_shops, shop, kennysheep_mini_moat, shop, shop, shop, tgw_sif

Skill      XL: |  1  2  3  4  5  6 |
---------------+-------------------+-----
Spellcasting   | 3 4 5 |  5.0
Ice Magic      | 4 5 |  5.4
Summonings     | 1 3 |  3.2
Dodging        | |  1.5
Stealth        | |  1.5

Action                   |  1- 3 |  4- 6 |  7- 9 || total
-------------------------+-------+-------+-------++-------
Melee: Unarmed           |     7 |       |       ||     7
       Dagger            |    28 |    69 |    19 ||   116
 Cast: Freeze            |    42 |    16 |     2 ||    60
       Frozen Ramparts   |     7 |    20 |     2 ||    29
       Summon Ice Beast  |       |     2 |     3 ||     5
       Ozocubu's Armour  |       |     2 |       ||     2
  Use: Scroll            |       |     3 |       ||     3
 Stab: Sleeping          |    10 |     3 |     1 ||    14
Armor: Robe              |    12 |    10 |       ||    22
Dodge: Dodged            |    37 |    61 |    11 ||   109

Table legend: (Time is in decaauts)
 A = Elapsed time spent in this place.
 B = Non-inter-level travel time spent in this place.
 C = Inter-level travel time spent in this place.
 D = Time resting spent in this place.
 E = Time spent auto-exploring this place.
 F = Levels seen in this place.
 G = Mean time per level.
                   A        B        C        D        E       F      G
               +--------+--------+--------+--------+--------+-----+--------+
         Total |   3624 |   3474 |    150 |    934 |   1711 |   6 |  604.0 |
       Dungeon |   3624 |   3474 |    150 |    934 |   1711 |   6 |  604.0 |
               +--------+--------+--------+--------+--------+-----+--------+

Top non-repeatable levels by time:
     D:1: 1063 daAuts
     D:5: 987 daAuts
     D:3: 711 daAuts
     D:2: 690 daAuts
     D:4: 92 daAuts
     D:6: 78 daAuts
